[Event "January 2 Early 2024"]
[Site "https://www.chess.com"]
[Date "2024.01.02"]
[Round "10"]
[White "Todev, Simeon"]
[Black "Subramanian, Anusha"]
[Result "1-0"]
[Board "159"]
[TimeControl "180+1"]
[WhiteFideId "2925133"]
[BlackFideId "477710"]
[WhiteElo "2359"]
[BlackElo "2116"]
[WhiteTeam "BUL"]
[BlackTeam "ENG"]
[WhiteClock "0:00:41"]
[BlackClock "0:00:07"]

1. e4 e6 2. d4 d5 3. exd5 exd5 4. Nf3 Nf6 5. Bd3 Bd6 6. O-O O-O 7. Bg5 h6 8. Bh4 Re8 9. Nc3 c6 10. Re1 Be6 11. Ne5 a6 12. Qf3 c5 13. Bxf6 Qxf6 14. Qxf6 gxf6 15. Ng4 Kg7 16. Nxd5 Nd7 17. Nge3 cxd4 18. Nf5+ Bxf5 19. Bxf5 Ne5 20. Re4 Rad8 21. Rae1 Bb8 22. Nf4 d3 23. Nh5+ Kf8 24. cxd3 Rd6 25. d4 Nf3+ 26. gxf3 Rxe4 27. Rxe4 Rc6 28. Bd7 Rc1+ 29. Kg2 Kg8 30. Re8+ Kh7 31. Bf5# 1-0

[Event "January 2 Early 2024"]
[Site "https://www.chess.com"]
[Date "2024.01.02"]
[Round "10"]
[White "Agrest, Inna"]
[Black "VictMin"]
[Result "1-0"]
[Board "160"]
[TimeControl "180+1"]
[WhiteFideId "1708830"]
[WhiteElo "2337"]
[BlackElo "2029"]
[WhiteTeam "SWE"]
[WhiteClock "0:00:17"]
[BlackClock "0:00:00"]

1. e4 c6 2. d4 d5 3. f3 dxe4 4. fxe4 e5 5. Nf3 Bg4 6. c3 Nd7 7. Bd3 Ngf6 8. O-O Bd6 9. Nbd2 O-O 10. Qe1 Bh5 11. Qh4 Bg6 12. Bc2 Qc7 13. dxe5 Nxe5 14. Nxe5 Bxe5 15. Nf3 Rfe8 16. Bg5 Qb6+ 17. Kh1 Qxb2 18. Nxe5 Rxe5 19. Bxf6 gxf6 20. Qxf6 Rae8 21. Bb3 R5e7 22. Rad1 Qe2 23. Rde1 Qg4 24. h3 Qd7 25. e5 b5 26. Rd1 Qc7 27. Rd6 a5 28. a3 a4 29. Ba2 c5 30. Bd5 b4 31. cxb4 cxb4 32. axb4 a3 33. b5 Qc3 34. b6 Qxe5 35. Qxe5 Rxe5 36. b7 Re1 37. Rxe1 Rxe1+ 38. Kh2 Rb1 39. Rd8+ Kg7 40. b8=Q Rxb8 41. Rxb8 1-0

[Event "January 2 Early 2024"]
[Site "https://www.chess.com"]
[Date "2024.01.02"]
[Round "10"]
[White "Winkels, Marcel"]
[Black "Gaboyan, Susanna"]
[Result "1/2-1/2"]
[Board "161"]
[TimeControl "180+1"]
[WhiteFideId "1003887"]
[BlackFideId "13303627"]
[WhiteElo "2013"]
[BlackElo "2327"]
[WhiteTeam "NED"]
[BlackTeam "ARM"]
[WhiteClock "0:00:08"]
[BlackClock "0:00:05"]

1. c4 Nf6 2. Nc3 d6 3. g3 g6 4. Bg2 Bg7 5. Nf3 O-O 6. O-O e5 7. d3 Nc6 8. Bg5 h6 9. Bxf6 Qxf6 10. Nd5 Qd8 11. Rb1 Ne7 12. Nd2 c6 13. Nxe7+ Qxe7 14. b4 a6 15. a4 Be6 16. b5 axb5 17. axb5 d5 18. bxc6 bxc6 19. cxd5 cxd5 20. Rb6 Rfb8 21. Qb3 Qc7 22. Rxb8+ Rxb8 23. Qa2 e4 24. Rb1 d4 25. Rxb8+ Qxb8 26. Nc4 exd3 27. exd3 Qb4 28. h4 Bf6 29. Kh2 Kg7 30. Qa6 Qc3 31. Nd6 Be5 32. Ne4 Qb4 33. Qa7 Bf5 34. Qa6 Qe1 35. f4 Bxe4 36. Bxe4 Qf2+ 37. Bg2 Bf6 38. Qc4 g5 39. fxg5 hxg5 40. Qc8 gxh4 41. Qg4+ Kh7 42. Qh5+ Kg8 43. Qg4+ Bg7 44. gxh4 Kh8 45. h5 Be5+ 46. Kh3 Qe3+ 47. Qf3 Qg5 48. Qg4 Qe3+ 49. Qf3 Qg5 50. Qg4 Qf6 51. Qf3 Qe6+ 52. Qg4 Qe7 53. Be4 Qf6 54. Qf5 Qg7 55. Qg4 Qh6 56. Qf5 Qe3+ 57. Kg2 Qg3+ 58. Kf1 Qf4+ 59. Qxf4 Bxf4 60. Ke2 Kg7 61. Kf3 Be3 62. Kg4 Kh6 63. Bf5 Bf2 64. Be4 Be3 65. Bf5 f6 66. Be4 Bf2 67. Bf5 Be3 68. Be4 Bf2 69. Bf5 Be3 1/2-1/2

[Event "January 2 Early 2024"]
[Site "https://www.chess.com"]
[Date "2024.01.02"]
[Round "10"]
[White "Pavlidou, Ekaterini"]
[Black "Cornelison, Paul"]
[Result "1-0"]
[Board "162"]
[TimeControl "180+1"]
[WhiteFideId "4213262"]
[BlackFideId "2004186"]
[WhiteElo "2325"]
[BlackElo "1965"]
[WhiteTeam "GRE"]
[BlackTeam "USA"]
[WhiteClock "0:01:29"]
[BlackClock "0:00:00"]

1. d4 Nf6 2. c4 e5 3. dxe5 Ne4 4. Bf4 Nc6 5. a3 Bc5 6. e3 Qe7 7. Nf3 h6 8. b4 Nxb4 9. axb4 Bxb4+ 10. Nbd2 g5 11. Bg3 g4 12. Qc2 Nxg3 13. hxg3 gxf3 14. gxf3 Qxe5 15. Rb1 a5 16. f4 Qe7 17. Bg2 c6 18. Rh5 d6 19. c5 Bg4 20. cxd6 Qxd6 21. Re5+ Kf8 22. f3 Be6 23. Ke2 Rd8 24. Ne4 Qc7 25. Nc5 Rd2+ 26. Qxd2 Bxd2 27. Rxb7 Qxe5 28. fxe5 Bb4 29. Nxe6+ fxe6 30. f4 Rg8 31. Kf2 Rg7 32. Rb8+ Ke7 33. Bxc6 1-0

[Event "January 2 Early 2024"]
[Site "https://www.chess.com"]
[Date "2024.01.02"]
[Round "10"]
[White "Tilahun , Abel Mathewos"]
[Black "Arshiya Das"]
[Result "1-0"]
[Board "163"]
[TimeControl "180+1"]
[WhiteFideId "15702391"]
[BlackFideId "25652150"]
[WhiteElo "2061"]
[BlackElo "2245"]
[WhiteTeam "ETH"]
[BlackTeam "IND"]
[WhiteClock "0:00:43"]
[BlackClock "0:01:17"]

1. d4 Nf6 2. c4 e6 3. Nf3 d5 4. Nc3 c6 5. e3 Nbd7 6. Bd3 Bd6 7. O-O dxc4 8. Bxc4 b5 9. Bd3 Bb7 10. e4 e5 11. dxe5 Nxe5 12. Nxe5 Bxe5 13. Qe2 O-O 14. Bg5 h6 15. Bh4 Qc7 16. h3 g5 17. Bg3 Bxg3 18. fxg3 Kg7 19. e5 Ne8 20. Qe4 Rh8 21. e6 Nd6 22. Qe5+ f6 23. Qxf6+ Kg8 24. e7 Rh7 25. Qf8+ Rxf8 26. exf8=Q# 1-0

[Event "January 2 Early 2024"]
[Site "https://www.chess.com"]
[Date "2024.01.02"]
[Round "10"]
[White "Montano Vicente, Guadalupe"]
[Black "Bogumil, Tatiana"]
[Result "0-1"]
[Board "164"]
[TimeControl "180+1"]
[WhiteFideId "5181399"]
[BlackFideId "4110579"]
[WhiteElo "2164"]
[BlackElo "2002"]
[WhiteTeam "MEX"]
[BlackTeam "RUS"]
[WhiteClock "0:00:03"]
[BlackClock "0:01:31"]

1. d4 Nf6 2. c4 c5 3. d5 b5 4. cxb5 a6 5. e3 axb5 6. Bxb5 Qa5+ 7. Nc3 Ba6 8. Bxa6 Nxa6 9. Ne2 g6 10. O-O d6 11. Qa4+ Qxa4 12. Nxa4 Nb4 13. Nb6 Rb8 14. Nc4 Nfxd5 15. Bd2 Bg7 16. Nc3 Nc7 17. e4 O-O 18. Rfd1 Nc2 19. Rac1 Nd4 20. Be3 Ncb5 21. Nxb5 Ne2+ 22. Kf1 Nxc1 23. Nba3 Nxa2 24. Ra1 Nb4 25. Ke2 Nc6 26. Ra2 Rb7 27. Nc2 Rfb8 28. Bc1 Rb4 29. Nxb4 Nxb4 30. Ra7 Bf6 31. Be3 Nc6 32. Bc1 Nxa7 0-1

[Event "January 2 Early 2024"]
[Site "https://www.chess.com"]
[Date "2024.01.02"]
[Round "10"]
[White "Crocker, Philip J"]
[Black "Todorovic, Bojan"]
[Result "1-0"]
[Board "165"]
[TimeControl "180+1"]
[WhiteFideId "403180"]
[BlackFideId "917087"]
[WhiteElo "2063"]
[BlackElo "2371"]
[WhiteTeam "ENG"]
[BlackTeam "SRB"]
[WhiteClock "0:00:41"]
[BlackClock "0:00:00"]

1. d4 Nf6 2. Bg5 Ne4 3. Bf4 d5 4. f3 Nd6 5. Nc3 c6 6. e4 e6 7. Qe2 Be7 8. O-O-O O-O 9. h4 Nd7 10. Kb1 Nb6 11. h5 Nbc4 12. h6 g6 13. Qf2 Qb6 14. Bc1 Bd7 15. e5 Nb5 16. Nxb5 cxb5 17. f4 Rac8 18. g4 b4 19. Bd3 Bb5 20. f5 Na3+ 21. bxa3 bxa3 22. Ka1 Bb4 23. Ne2 Bxd3 24. Rxd3 Rxc2 25. Rb3 Rfc8 26. Bxa3 a5 27. fxe6 Qxe6 28. Rc1 Bxa3 29. Rxc2 Rxc2 30. Rxa3 Qa6 31. Qf6 1-0

[Event "January 2 Early 2024"]
[Site "https://www.chess.com"]
[Date "2024.01.02"]
[Round "10"]
[White "Floresvillar Gonzalez, Luis Migu"]
[Black "Smirnov, Timofey"]
[Result "0-1"]
[Board "166"]
[TimeControl "180+1"]
[WhiteFideId "5100542"]
[BlackFideId "24176427"]
[WhiteElo "2172"]
[BlackElo "1980"]
[WhiteTeam "MEX"]
[BlackTeam "RUS"]
[WhiteClock "0:00:00"]
[BlackClock "0:00:28"]

1. e4 e5 2. Nf3 Nf6 3. d4 Nxe4 4. Bd3 Nc6 5. Bxe4 d5 6. Nxe5 dxe4 7. Nxc6 bxc6 8. O-O Bd6 9. c4 O-O 10. c5 Be7 11. Nc3 Bf5 12. Be3 Rb8 13. b3 Bg6 14. Qe2 f5 15. g3 Qe8 16. Bf4 Bh5 17. Qe3 Qd8 18. Be5 Bg5 19. f4 Bf6 20. Rac1 Bxe5 21. fxe5 Bf3 22. Rf2 g5 23. Ne2 Kh8 24. Rcf1 f4 25. Nxf4 gxf4 0-1

[Event "January 2 Early 2024"]
[Site "https://www.chess.com"]
[Date "2024.01.02"]
[Round "10"]
[White "Mende, Andreas"]
[Black "Zepeda Berlanga, Jan Enrique"]
[Result "1-0"]
[Board "167"]
[TimeControl "180+1"]
[WhiteFideId "4631102"]
[BlackFideId "5132355"]
[WhiteElo "2143"]
[BlackElo "1961"]
[WhiteTeam "GER"]
[BlackTeam "MEX"]
[WhiteClock "0:00:45"]
[BlackClock "0:00:19"]

1. c4 Nf6 2. g3 g6 3. Bg2 Bg7 4. Nc3 O-O 5. e4 d6 6. Nge2 Nc6 7. O-O e5 8. d3 Be6 9. Nd5 Nd4 10. Nxd4 exd4 11. Bg5 Bxd5 12. cxd5 h6 13. Bd2 c5 14. b4 Rc8 15. Rc1 b6 16. bxc5 bxc5 17. Qa4 Qd7 18. Qa6 Rb8 19. Rb1 Rfc8 20. h4 Ne8 21. Kh2 f5 22. Bh3 Qf7 23. exf5 gxf5 24. Rxb8 Rxb8 25. Bf4 Qxd5 26. Qxa7 Rb7 27. Qa8 Qc6 28. Bg2 d5 29. Re1 Kf7 30. Bxd5+ Qxd5 31. Qxe8+ Kf6 32. Be5+ 1-0

[Event "January 2 Early 2024"]
[Site "https://www.chess.com"]
[Date "2024.01.02"]
[Round "10"]
[White "Thake, Conrad"]
[Black "Khegay, Yuliya"]
[Result "0-1"]
[Board "168"]
[TimeControl "180+1"]
[WhiteFideId "5602947"]
[BlackFideId "14205394"]
[WhiteElo "1884"]
[BlackElo "2116"]
[WhiteTeam "MLT"]
[BlackTeam "UZB"]
[WhiteClock "0:00:18"]
[BlackClock "0:00:05"]

1. e4 c5 2. Nc3 Nc6 3. f4 g6 4. Nf3 Bg7 5. Bb5 Nd4 6. Nxd4 Bxd4 7. Ne2 Bg7 8. a4 a6 9. Bc4 e6 10. d3 d5 11. Bb3 dxe4 12. dxe4 Qxd1+ 13. Kxd1 Bd7 14. c3 Bc6 15. Ng3 Nf6 16. Bc2 O-O-O+ 17. Ke2 Rhe8 18. Be3 c4 19. Rhd1 e5 20. f5 Ng4 21. Rxd8+ Rxd8 22. h3 Nxe3 23. Kxe3 Bh6+ 24. Kf3 Rd2 25. Bd1 Bf4 26. Ne2 Rd3+ 27. Kf2 Bxe4 28. Nxf4 exf4 29. fxg6 hxg6 30. b4 cxb3 31. Bxb3 Rxc3 32. Bxf7 Rc2+ 33. Ke1 Rxg2 34. Rc1+ Bc6 35. Be6+ Kc7 36. Bg4 Rg1+ 37. Kd2 Rxc1 38. Kxc1 Bxa4 39. Kd2 Bc6 40. Kd3 Kd6 41. h4 Ke5 42. h5 gxh5 43. Bxh5 b5 44. Bd1 a5 45. Ke2 Kd4 46. Bc2 f3+ 47. Kf2 Kc3 48. Bg6 b4 49. Bf7 b3 50. Bg6 a4 51. Ke3 a3 52. Bh7 a2 0-1

[Event "January 2 Early 2024"]
[Site "https://www.chess.com"]
[Date "2024.01.02"]
[Round "10"]
[White "Gulamirian, Korun"]
[Black "Osiecki, Stanislaw"]
[Result "1-0"]
[Board "169"]
[TimeControl "180+1"]
[WhiteFideId "4144899"]
[BlackFideId "1102990"]
[WhiteElo "1572"]
[BlackElo "2094"]
[WhiteTeam "RUS"]
[BlackTeam "POL"]
[WhiteClock "0:00:35"]
[BlackClock "0:00:00"]

1. e4 e6 2. d4 d5 3. Nd2 c5 4. exd5 exd5 5. dxc5 Bxc5 6. Bb5+ Bd7 7. Bxd7+ Nxd7 8. Qe2+ Ne7 9. Ngf3 O-O 10. O-O Re8 11. Qb5 Qc7 12. Nb3 a6 13. Qd3 Bd6 14. g3 Rad8 15. Bg5 f6 16. Be3 Ne5 17. Nxe5 fxe5 18. Bg5 h6 19. Bxe7 Bxe7 20. Qf5 Bf6 21. c3 e4 22. Rad1 Re5 23. Qf4 Bg5 24. Qg4 e3 25. f4 Re4 26. Nd4 Bf6 27. Ne2 Qb6 28. b3 d4 29. Qf3 Rde8 30. cxd4 Qa5 31. a4 Qb4 32. Rd3 R4e6 33. Kg2 Rd6 34. Rxe3 Rxe3 35. Qxe3 Bxd4 36. Nxd4 Qxd4 37. Qxd4 Rxd4 38. Rb1 Rd2+ 39. Kh3 Ra2 40. g4 g6 41. Kg3 Ra3 42. h4 Kf7 43. h5 gxh5 44. gxh5 Kf6 45. Kg4 Ra2 46. Rd1 Rg2+ 47. Kf3 Rh2 48. Kg3 1-0

[Event "January 2 Early 2024"]
[Site "https://www.chess.com"]
[Date "2024.01.02"]
[Round "10"]
[White "Babayeva, Nasrin"]
[Black "Vargas, Mauricio"]
[Result "1-0"]
[Board "170"]
[TimeControl "180+1"]
[WhiteFideId "13416626"]
[BlackFideId "4404572"]
[WhiteElo "1794"]
[BlackElo "1851"]
[WhiteTeam "AZE"]
[BlackTeam "COL"]
[WhiteClock "0:00:42"]
[BlackClock "0:00:00"]

1. c4 e5 2. g3 Nc6 3. Bg2 f5 4. Nc3 Nf6 5. Nf3 Bb4 6. Nd5 Bd6 7. d4 e4 8. Nh4 g6 9. Bg5 Be7 10. Nxe7 Qxe7 11. d5 Ne5 12. Qd4 O-O 13. O-O d6 14. f4 Ned7 15. a4 Qg7 16. b4 h6 17. Bxf6 Nxf6 18. e3 g5 19. fxg5 hxg5 20. Nxf5 Qh7 21. Nxd6 cxd6 22. Rxf6 Bg4 23. Raf1 Bf5 24. R1xf5 Qxf5 25. Rxf5 Rxf5 26. Qxe4 Raf8 27. Qe6+ Kg7 28. Qxd6 R5f6 29. Qe7+ R8f7 30. Qe5 Kg8 31. Qxg5+ Kf8 32. e4 Rd6 33. e5 1-0

[Event "January 2 Early 2024"]
[Site "https://www.chess.com"]
[Date "2024.01.02"]
[Round "10"]
[White "Viana, Valeria"]
[Black "Petersson, Kjell"]
[Result "0-1"]
[Board "171"]
[TimeControl "180+1"]
[WhiteFideId "8407100"]
[BlackFideId "1705148"]
[WhiteElo "2091"]
[BlackElo "2126"]
[WhiteTeam "HON"]
[BlackTeam "SWE"]
[WhiteClock "0:00:01"]
[BlackClock "0:00:17"]

1. e4 c5 2. Nf3 d6 3. Bb5+ Nc6 4. d4 cxd4 5. Qxd4 Bd7 6. Bxc6 Bxc6 7. O-O Nf6 8. Nc3 e6 9. Bg5 Be7 10. Rfe1 O-O 11. h3 a6 12. a4 h6 13. Bh4 Rc8 14. Bg3 d5 15. e5 Nd7 16. b4 Qb6 17. Qxb6 Nxb6 18. Reb1 Bd7 19. Rb3 Rc4 20. a5 Na8 21. Nd2 Rxb4 22. Rab1 Rxb3 23. Rxb3 Bc6 24. Nf3 Bc5 25. Ne2 Rb8 26. Ned4 Ba4 27. Rb2 Nc7 28. c3 Nb5 29. Nxb5 Bxb5 30. Nd4 Bc4 31. Bf4 b5 32. axb6 Rxb6 33. Rxb6 Bxb6 34. Bc1 a5 35. Ba3 a4 36. f3 Bxd4+ 37. cxd4 f6 38. exf6 gxf6 39. Kf2 Kf7 40. Ke3 e5 41. dxe5 fxe5 42. f4 exf4+ 43. Kxf4 Ke6 44. g4 Bd3 45. h4 d4 46. g5 hxg5+ 47. hxg5 Kd5 48. Kf3 Kc4 49. Kf2 Kb3 50. Bc5 Kc4 51. Ba3 Kc3 52. Bc5 Be4 53. Ke2 d3+ 54. Kd1 Bf3+ 55. Ke1 d2+ 56. Kf2 d1=Q 0-1

[Event "January 2 Early 2024"]
[Site "https://www.chess.com"]
[Date "2024.01.02"]
[Round "11"]
[White "Carlsen, Magnus"]
[Black "Mamedyarov, Shakhriyar"]
[Result "1-0"]
[Board "1"]
[TimeControl "180+1"]
[WhiteFideId "1503014"]
[BlackFideId "13401319"]
[WhiteElo "3368"]
[BlackElo "3096"]
[WhiteTeam "NOR"]
[BlackTeam "AZE"]
[WhiteClock "0:00:28"]
[BlackClock "0:00:00"]

1. Nf3 d5 2. b3 Nf6 3. Bb2 g6 4. c4 dxc4 5. bxc4 Bg7 6. g3 b6 7. Bg2 Bb7 8. Qa4+ Nbd7 9. O-O c5 10. d3 O-O 11. Nbd2 Qc7 12. Qc2 Rfe8 13. a4 e5 14. e4 Nf8 15. Nb1 N6d7 16. Nc3 Ne6 17. Nd5 Qd6 18. a5 Nd4 19. Nxd4 exd4 20. f4 f6 21. Bc1 Bxd5 22. cxd5 b5 23. a6 Rec8 24. Bh3 c4 25. Ba3 b4 26. Bxb4 Qxb4 27. Bxd7 cxd3 28. Qa4 Qd2 29. Be6+ Kh8 30. Bxc8 Rxc8 31. Qd7 Qe3+ 32. Rf2 Rg8 33. Rd1 Qxe4 34. Qxa7 g5 35. Qc7 Qxd5 36. Rxd3 Qe4 37. Rd1 f5 38. Qc4 gxf4 39. Re2 Qf3 40. Qd3 Qg4 41. Rf1 fxg3 42. hxg3 Be5 43. Rxe5 1-0

[Event "January 2 Early 2024"]
[Site "https://www.chess.com"]
[Date "2024.01.02"]
[Round "11"]
[White "Vachier-Lagrave, Maxime"]
[Black "Sadhwani, Raunak"]
[Result "1-0"]
[Board "2"]
[TimeControl "180+1"]
[WhiteFideId "623539"]
[BlackFideId "35093487"]
[WhiteElo "3198"]
[BlackElo "3090"]
[WhiteTeam "FRA"]
[BlackTeam "IND"]
[WhiteClock "0:00:08"]
[BlackClock "0:00:02"]

1. e4 e5 2. Nf3 Nc6 3. Bb5 Nf6 4. O-O Nxe4 5. Re1 Nd6 6. Nxe5 Be7 7. Bf1 Nxe5 8. Rxe5 O-O 9. d4 Bf6 10. Re2 Nc4 11. b3 Nb6 12. Qd3 Nd5 13. c3 d6 14. Re1 g6 15. Nd2 Bg7 16. Qf3 Nf6 17. a4 Rb8 18. h3 Be6 19. a5 Qd7 20. Bb2 Rfe8 21. c4 d5 22. Bd3 c6 23. Nf1 h5 24. Ne3 Ne4 25. Qf4 Qd6 26. Qxd6 Nxd6 27. c5 Ne4 28. b4 a6 29. f3 Nf6 30. h4 Bd7 31. Kf2 Bh6 32. g3 Re6 33. Ng2 Rxe1 34. Rxe1 Re8 35. Rh1 Bd2 36. Rb1 Bh6 37. Bc1 Bxc1 38. Rxc1 Kg7 39. Nf4 Nh7 40. Bb1 Nf8 41. Rd1 Ne6 42. Ng2 Kf6 43. Ne3 Ng7 44. Bc2 Bf5 45. Bb3 Bd7 46. Bc2 Bf5 47. Ba4 Be6 48. Re1 Nf5 49. Nxd5+ Kg7 50. Nc7 Re7 51. d5 Rxc7 52. dxe6 Kf6 53. Bb3 fxe6 54. Rxe6+ Kg7 55. Bc2 Ne7 56. Rd6 Kf7 57. Be4 Kg7 58. Ke3 1-0

[Event "January 2 Early 2024"]
[Site "https://www.chess.com"]
[Date "2024.01.02"]
[Round "11"]
[White "Nakamura, Hikaru"]
[Black "Fedoseev, Vladimir"]
[Result "1-0"]
[Board "3"]
[TimeControl "180+1"]
[WhiteFideId "2016192"]
[BlackFideId "24130737"]
[WhiteElo "3232"]
[BlackElo "3034"]
[WhiteTeam "USA"]
[BlackTeam "SLO"]
[WhiteClock "0:00:12"]
[BlackClock "0:00:01"]

1. g3 g5 2. e4 d5 3. Nc3 d4 4. Nce2 e5 5. d3 Nc6 6. Bh3 g4 7. Bg2 h5 8. h3 h4 9. hxg4 Bxg4 10. f3 Be6 11. g4 Bh6 12. Nh3 Bxc1 13. Qxc1 Nge7 14. Qd2 Qd6 15. c4 dxc3 16. bxc3 O-O-O 17. Rd1 Qa3 18. Ng5 Bc4 19. Qc1 Qxc1 20. Nxc1 f6 21. Nh3 Be6 22. Kf2 Ng6 23. Ke3 Rd6 24. d4 Na5 25. d5 Nc4+ 26. Kf2 Bd7 27. Bf1 Nb2 28. Rd2 Na4 29. c4 c6 30. Nb3 b6 31. Bd3 Kb8 32. Rc1 Rc8 33. Ke3 cxd5 34. exd5 Ne7 35. Nf2 f5 36. gxf5 Bxf5 37. Bxf5 Nxf5+ 38. Ke4 Ng3+ 39. Kxe5 Rh6 40. Ne4 Re8+ 41. Kd4 Nf5+ 42. Kd3 h3 43. Rh2 Rd8 44. Rch1 b5 45. Rxh3 Rxh3 46. Rxh3 Nb2+ 47. Kc3 Nxc4 48. Nbc5 Rxd5 49. Rh7 Nfd6 50. Na6+ Kc8 51. Nec5 Kd8 52. Ne6+ Kc8 53. Rc7# 1-0

[Event "January 2 Early 2024"]
[Site "https://www.chess.com"]
[Date "2024.01.02"]
[Round "11"]
[White "Firouzja, Alireza"]
[Black "Svane, Frederik"]
[Result "1-0"]
[Board "4"]
[TimeControl "180+1"]
[WhiteFideId "12573981"]
[BlackFideId "12923044"]
[WhiteElo "3155"]
[BlackElo "3044"]
[WhiteTeam "FRA"]
[BlackTeam "GER"]
[WhiteClock "0:00:03"]
[BlackClock "0:00:02"]

1. d4 Nf6 2. c4 e6 3. g3 d5 4. Bg2 Be7 5. Nf3 O-O 6. O-O dxc4 7. Nc3 Nc6 8. e4 Rb8 9. a4 a6 10. Be3 b5 11. axb5 axb5 12. d5 exd5 13. exd5 Nb4 14. Nd4 Bb7 15. Nf5 Bd6 16. Bd4 Nd3 17. Nxg7 Kxg7 18. Qg4+ Kh8 19. Qf5 Be5 20. Bxe5 Nxe5 21. Qxe5 Qd6 22. Qxd6 cxd6 23. Nxb5 Bxd5 24. Nxd6 Bxg2 25. Kxg2 Rxb2 26. Nxc4 Rc2 27. Ne5 Re2 28. Nd3 Kg7 29. Nf4 Rd2 30. Ra5 h6 31. Rf5 Rc8 32. h3 Rcc2 33. g4 Ra2 34. Re5 Ra4 35. Kg3 Ne4+ 36. Kh4 Nf6 37. Rf5 Rdd4 38. Ne2 Rd5 39. Ng3 Rxf5 40. Nxf5+ Kg6 41. Ne7+ Kg7 42. f4 Rb4 43. Nf5+ Kg6 44. Ng3 Ra4 45. f5+ Kg7 46. Rc1 Rb4 47. Rc6 Rb3 48. Ra6 Rb4 49. Ra7 Rc4 50. Re7 Rb4 51. Rc7 Ra4 52. Rc6 Rb4 53. Nh5+ Nxh5 54. Kxh5 Rb3 55. h4 Rg3 56. f6+ Kh7 57. Rc7 Kg8 58. Rc8+ Kh7 59. Rf8 Rb3 60. Rxf7+ Kh8 1-0

[Event "January 2 Early 2024"]
[Site "https://www.chess.com"]
[Date "2024.01.02"]
[Round "11"]
[White "Vokhidov, Shamsiddin"]
[Black "Aronian, Levon"]
[Result "0-1"]
[Board "5"]
[TimeControl "180+1"]
[WhiteFideId "14204223"]
[BlackFideId "13300474"]
[WhiteElo "2991"]
[BlackElo "3111"]
[WhiteTeam "UZB"]
[BlackTeam "USA"]
[WhiteClock "0:00:15"]
[BlackClock "0:00:04"]

1. e4 c5 2. Nf3 e6 3. d4 cxd4 4. Nxd4 Nc6 5. Nc3 Qc7 6. Be3 a6 7. Qf3 Nf6 8. O-O-O Ne5 9. Qg3 b5 10. a3 Bb7 11. Bxb5 Rc8 12. Ba4 Nc4 13. Bg5 Bd6 14. Qd3 O-O 15. Bxf6 gxf6 16. Bb3 Ne5 17. Qg3+ Kh8 18. Qh4 Be7 19. Nde2 Rg8 20. f4 Ng4 21. Rd3 Qc5 22. Rxd7 Bc6 23. Rxe7 Qxe7 24. Nd4 Bb7 25. Re1 Qc5 26. h3 Qxd4 27. hxg4 Rxc3 28. bxc3 Qxc3 29. e5 Qa1+ 30. Kd2 Qd4+ 31. Kc1 Qxf4+ 32. Kb1 fxe5 33. g3 Qxg4 34. Qe7 Qxg3 35. Rf1 Be4 36. Rxf7 Qxb3+ 37. Kc1 Qxc2# 0-1

[Event "January 2 Early 2024"]
[Site "https://www.chess.com"]
[Date "2024.01.02"]
[Round "11"]
[White "Paravyan, David"]
[Black "Rasulov, Vugar"]
[Result "1-0"]
[Board "6"]
[TimeControl "180+1"]
[WhiteFideId "4194985"]
[BlackFideId "13402390"]
[WhiteElo "3102"]
[BlackElo "2982"]
[WhiteTeam "FID"]
[BlackTeam "AZE"]
[WhiteClock "0:00:39"]
[BlackClock "0:00:03"]

1. e4 e5 2. Nf3 Nc6 3. Bc4 Nf6 4. d3 Be7 5. Nc3 O-O 6. a3 d6 7. Be3 Be6 8. Nd5 Bxd5 9. exd5 Nb8 10. d4 Nbd7 11. dxe5 dxe5 12. O-O Bd6 13. Ba2 Re8 14. c4 a5 15. Rc1 b6 16. Bb3 Bc5 17. Ba4 Re7 18. Bc6 Rb8 19. Nh4 Bxe3 20. fxe3 e4 21. Nf5 Re5 22. Qd4 Qf8 23. Rf4 Qc5 24. Rcf1 Rd8 25. g4 h6 26. h4 Qxd4 27. exd4 Ree8 28. Ne3 Rf8 29. b4 axb4 30. axb4 Nb8 31. Bb5 Ne8 32. c5 Nf6 33. Rf5 bxc5 34. dxc5 Nbd7 35. Bc6 Nb8 36. b5 Nxc6 37. bxc6 Rfe8 38. g5 hxg5 39. hxg5 Nh5 40. Rxf7 Ng3 41. R1f2 Re5 42. d6 Rxg5 43. dxc7 Nf5+ 44. Kf1 Nxe3+ 45. Ke2 Re8 46. Rf8+ Rxf8 47. Rxf8+ Kxf8 48. c8=Q+ Kf7 49. Kxe3 1-0

[Event "January 2 Early 2024"]
[Site "https://www.chess.com"]
[Date "2024.01.02"]
[Round "11"]
[White "Zou, Chen"]
[Black "Duda, Jan-Krzysztof"]
[Result "0-1"]
[Board "7"]
[TimeControl "180+1"]
[WhiteFideId "8610959"]
[BlackFideId "1170546"]
[WhiteElo "2806"]
[BlackElo "3057"]
[WhiteTeam "CHN"]
[BlackTeam "POL"]
[WhiteClock "0:00:00"]
[BlackClock "0:00:05"]

1. e4 c5 2. Nf3 d6 3. d4 cxd4 4. Nxd4 Nf6 5. Nc3 a6 6. f3 e5 7. Nb3 Be6 8. Be3 h5 9. Qd2 Nbd7 10. Nd5 Bxd5 11. exd5 g6 12. O-O-O Nb6 13. Qa5 Bh6 14. Bxh6 Rxh6 15. Kb1 Rc8 16. Qb4 Rh8 17. c4 Kf8 18. Be2 Kg7 19. h4 Qc7 20. Rc1 Nbd7 21. Qd2 Nc5 22. Na5 Qb6 23. Ka1 Rhe8 24. b4 Ncd7 25. Qb2 Rc7 26. Bd3 Qe3 27. Rcd1 b6 28. Nc6 Nb8 29. Nxb8 Rxb8 30. Qd2 Qd4+ 31. Qb2 Qf4 32. Qd2 Nd7 33. Qxf4 exf4 34. Rhe1 Ne5 35. Re4 f5 36. Rxf4 a5 37. b5 Re8 38. Be2 Rce7 39. Rd2 Nd7 40. Bd1 Re1 41. Kb2 Nc5 42. Rfd4 R8e3 43. g4 hxg4 44. fxg4 f4 45. Rxf4 Nd3+ 46. Rxd3 Rxd3 47. Bc2 Re2 48. Kb1 Rdd2 0-1

[Event "January 2 Early 2024"]
[Site "https://www.chess.com"]
[Date "2024.01.02"]
[Round "11"]
[White "Makarian, Rudik"]
[Black "Tari, Aryan"]
[Result "1-0"]
[Board "8"]
[TimeControl "180+1"]
[WhiteFideId "44105681"]
[BlackFideId "1510045"]
[WhiteElo "3033"]
[BlackElo "2925"]
[WhiteTeam "FID"]
[BlackTeam "NOR"]
[WhiteClock "0:00:39"]
[BlackClock "0:00:00"]

1. d4 d5 2. c4 e6 3. Nf3 Nf6 4. Nc3 h6 5. Bf4 Bd6 6. Qc1 a6 7. c5 Bxf4 8. Qxf4 Nc6 9. e3 b6 10. cxb6 cxb6 11. Bd3 Bb7 12. O-O Qb8 13. Rac1 Qxf4 14. exf4 g6 15. Na4 Nd7 16. Ne5 Ncxe5 17. dxe5 Kd8 18. b4 Rc8 19. Rxc8+ Kxc8 20. Rc1+ Kb8 21. g3 g5 22. f3 gxf4 23. gxf4 Rg8+ 24. Kf2 Rg7 25. Nc3 f6 26. exf6 Nxf6 27. Ne2 Rc7 28. Rg1 Bc8 29. Rg6 Ne8 30. Rxh6 a5 31. bxa5 bxa5 32. h4 Nd6 33. h5 Rf7 34. Ke3 Kc7 35. Nd4 1-0

[Event "January 2 Early 2024"]
[Site "https://www.chess.com"]
[Date "2024.01.02"]
[Round "11"]
[White "Baskakov, Egor"]
[Black "Movahed, Sina"]
[Result "1/2-1/2"]
[Board "9"]
[TimeControl "180+1"]
[WhiteFideId "24197866"]
[BlackFideId "42520835"]
[WhiteElo "2940"]
[BlackElo "3008"]
[WhiteTeam "RUS"]
[BlackTeam "IRI"]
[WhiteClock "0:01:01"]
[BlackClock "0:00:59"]

1. e4 c5 2. g3 d5 3. Bg2 dxe4 4. Bxe4 Nf6 5. Bg2 Nc6 6. Ne2 Nd4 7. Nbc3 Bg4 8. h3 Bf3 9. O-O e6 10. d3 Be7 11. Be3 O-O 12. Bxf3 Nxf3+ 13. Kg2 Nd4 14. Ne4 Qd5 15. Nf4 Qc6 16. Bxd4 cxd4 17. Qf3 Nxe4 18. Qxe4 Rac8 19. Rac1 Qxe4+ 20. dxe4 Bg5 21. e5 Bxf4 22. gxf4 f5 23. Rfd1 Rfd8 24. c3 dxc3 25. Rxc3 b6 26. Rd6 Kf7 27. Rxd8 Rxd8 28. Rc7+ Kf8 29. Rxa7 Rd4 30. Kg3 Rd3+ 31. Kg2 Rd4 32. Kg3 Rd3+ 33. f3 Rd2 34. b3 Rb2 1/2-1/2